 Dungeon Crawl Stone Soup version 0.23.2-40-g277498a001 (webtiles) character file.

Game seed: 544162245019431110

474 FishyPogo the Grave Robber (level 6, 0/55 HPs)
             Began as a Deep Dwarf Necromancer on Aug 17, 2019.
             Was a Follower of Wu Jian.
             Killed by nerve-wracking pain
             ... invoked by a shadow imp
              (11 damage)
             ... on level 5 of the Dungeon.
             The game lasted 00:20:11 (4262 turns).

FishyPogo the Grave Robber (Deep Dwarf Necromancer) Turns: 4262, Time: 00:20:11

Health: 0/55       AC:  2    Str: 12    XL:     6   Next: 84%
Magic:  11/11      EV: 14    Int: 17    God:    Wu Jian [*.....]
Gold:   228        SH:  0    Dex: 13    Spells: 2/11 levels left

rFire    . . .     SeeInvis .   h - staff of summoning (curse)
rCold    . . .     Gourm    .   (no shield)
rNeg     . . .     Faith    .   m - +0 animal skin (curse)
rPois    .         Spirit   .   (no helmet)
rElec    .         Reflect  .   (no cloak)
rCorr    .         Harm     .   (no gloves)
MR       .....                  (no boots)
Stlth    ++++......             v - amulet of the acrobat
HPRegen  0.00/turn              r - ring of stealth
MPRegen  0.12/turn              (no ring)

@: non-regenerating
A: damage resistance, heal wounds, sense surroundings 1, no regeneration
a: Heal Wounds, Renounce Religion


You were on level 5 of the Dungeon.
You worshipped Wu Jian.
Wu Jian was aware of your devotion.
You were not hungry.

You visited 1 branch of the dungeon, and saw 5 of its levels.

You collected 228 gold pieces.

Inventory:

Hand Weapons
 a - a +0 club
Missiles
 g - 3 javelins (quivered)
 s - 2 tomahawks
Armour
 m - a cursed +0 animal skin (worn)
 u - a +0 shield
Magical Staves
 h - a cursed staff of summoning (weapon)
Jewellery
 r - a ring of stealth (left hand)
 v - an amulet of the acrobat (around neck)
Wands
 f - a wand of iceblast (5)
Scrolls
 b - 4 scrolls of identify {unknown}
 d - a scroll of blinking {unknown}
 j - 3 scrolls of remove curse {unknown}
 k - a scroll of amnesia {unknown}
 l - 2 scrolls of teleportation {unknown}
 n - a scroll of fog {unknown}
 p - a scroll of magic mapping {unknown}
 q - a scroll of enchant weapon {unknown}
Potions
 e - a potion of ambrosia {unknown}
 i - 2 potions of cancellation {unknown}
 o - a potion of agility {unknown}
 t - a potion of curing {unknown}
Comestibles
 c - 9 rations


   Skills:
 * Level 2.8 Fighting
 - Level 4.0 Dodging
 + Level 4.6 Stealth
 * Level 3.4 Spellcasting
 + Level 5.2 Necromancy


You had 2 spell levels left.
You knew the following spells:

 Your Spells              Type           Power        Failure   Level  Hunger
a - Pain                  Necr           ###.         1%          1    None
b - Animate Dead          Necr           N/A          19%         4    ####...
c - Vampiric Draining     Necr           ###.......   6%          3    ###....
d - Animate Skeleton      Necr           N/A          1%          1    None

Your spell library contained the following spells:

 Spells                   Type           Power        Failure   Level  Hunger
 Regeneration             Chrm/Necr      Unusable     N/A         3    N/A

Dungeon Overview and Level Annotations

Branches:
Dungeon (5/15)             Temple (0/1) D:4

Altars:
Elyvilon
Sif Muna
Trog
Vehumet
Wu Jian
Xom
Yredelemnul


Innate Abilities, Weirdness & Mutations

You are resistant to damage.
You can heal yourself by infusing magical energy.
You passively map a small area around you.
You do not regenerate.


Message History

The shadow imp is heavily wounded.
The shadow imp hits you.
* * * LOW HITPOINT WARNING * * *
You hit the shadow imp.
The shadow imp is severely wounded.
The shadow imp hits you.
* * * LOW HITPOINT WARNING * * *
You hit the shadow imp.
You kill the shadow imp!
The Council accepts your kill.
A giant cockroach zombie comes into view.
A quokka skeleton comes into view.
You open the door.
A crimson imp comes into view. It is carrying a wand of flame (1).
Found a radiant altar of Vehumet.
You close the door.
The shadow imp shouts, "Face thy fugue, thou peeagling tickle-brained pissant!"
The shadow imp gestures at you. Pain shoots through your body!
You die...

#.#
#.##...........##
#.#
#.##..####.#.#..#
#.#
#............##+#
...........###....#
.#
#.###...#..###...##
..
................#
5..
#.............##
._##
...............#
###
#........#.#.@.# ,
..............# ,
.....5#.#...#,* ,
......#.#...# ,*
.....,......., , ,
........., * .#
.#...## * , , *,
#.#...., , , , * *


You could see a shadow imp.

Vanquished Creatures
  A bullfrog (D:4)
  A howler monkey (D:5)
  A hound (D:4)
  2 bullfrog skeletons
  A centaur skeleton (D:4)
  An orc priest (D:5)
  An orc wizard (D:4)
  A worker ant (D:4)
  9 adders
  A shadow imp (D:5)
  3 oozes
  2 worms (D:2)
  4 orcs
  7 bats
  3 giant cockroaches
  8 goblins
  8 hobgoblins
  12 jackals
  3 quokkas
  4 frilled lizards
  A jackal skeleton (D:4)
  5 kobolds
  6 rats
85 creatures vanquished.

Vanquished Creatures (collateral kills)
  An adder skeleton (D:4)
  A goblin (D:2)
  A rat (D:2)
3 creatures vanquished.

Grand Total: 88 creatures vanquished

Notes
Turn   | Place    | Note
-------+----------+-------------------------------------------
     0 | D:1      | FishyPogo the Deep Dwarf Necromancer began the quest for
                  | the Orb.
     0 | D:1      | Reached XP level 1. HP: 15/15 MP: 3/3
    12 | D:1      | Learned a level 1 spell: Animate Skeleton
   121 | D:1      | Reached XP level 2. HP: 20/22 MP: 0/4
   727 | D:2      | Found an ornate altar of the Wu Jian Council.
   800 | D:2      | Found a bloodstained altar of Trog.
   816 | D:2      | Reached XP level 3. HP: 23/28 MP: 1/6
   821 | D:2      | Learned a level 3 spell: Vampiric Draining
  1299 | D:2      | Reached XP level 4. HP: 27/37 MP: 1/7
  1711 | D:2      | Reached skill level 1 in Fighting
  2546 | D:3      | Found a faded altar of an unknown god.
  2631 | D:3      | Found a basalt altar of Yredelemnul.
  2698 | D:3      | Reached XP level 5. HP: 41/44 MP: 4/8
  2939 | D:3      | Became a worshipper of the Wu Jian Council
  2939 | D:3      | Reached * piety under Wu Jian
  3039 | D:4      | Found a shimmering altar of Xom.
  3122 | D:4      | Reached skill level 5 in Necromancy
  3134 | D:4      | Reached XP level 6. HP: 40/52 MP: 0/10
  3266 | D:4      | Found a staircase to the Ecumenical Temple.
  3280 | D:4      | Learned a level 4 spell: Animate Dead
  3374 | D:4      | Found a white marble altar of Elyvilon.
  3415 | D:4      | Found a deep blue altar of Sif Muna.
  3487 | D:5      | Entered Level 5 of the Dungeon
  3767 | D:5      | Noticed an ice beast
  4098 | D:5      | Noticed a sky beast
  4252 | D:5      | Found a radiant altar of Vehumet.
  4262 | D:5      | Killed from afar by a shadow imp

Skill      XL: |  1  2  3  4  5  6 |
---------------+-------------------+-----
Stealth        | 3 4 |  4.6
Spellcasting   | 2 3 |  3.4
Dodging        | 3 4 |  4.0
Fighting       | 1 2 |  2.8
Necromancy     | 5 |  5.2

Action                   |  1- 3 |  4- 6 || total
-------------------------+-------+-------++-------
Melee: Unarmed           |    21 |       ||    21
       Club              |    13 |       ||    13
       Staff             |    26 |    70 ||    96
 Cast: Pain              |    45 |    68 ||   113
       Vampiric Draining |     6 |    33 ||    39
       Animate Skeleton  |     4 |     3 ||     7
Invok: Lunge             |       |     2 ||     2
       Whirlwind         |       |     1 ||     1
 Stab: Sleeping          |       |     2 ||     2
  Eat: Chunk             |     3 |    13 ||    16
Armor: Robe              |     8 |       ||     8
       Animal skin       |     4 |     9 ||    13
Dodge: Dodged            |    52 |    70 ||   122
